 Dungeon Crawl Stone Soup version 0.25-a0-502-g6516661a7a (webtiles) character file.

Game seed: 6958423878932661371, levelgen mode: deterministic

7081 Allar the Covert (level 10, -6/51 HPs)
             Began as a Spriggan Enchanter on Feb 12, 2020.
             Was a Follower of Dithmenos.
             Mangled by a komodo dragon (18 damage)
             ... on level 1 of the Lair of Beasts on Nov 29, 2020.
             The game lasted 01:06:26 (10709 turns).

Allar the Covert (Spriggan Enchanter)              Turns: 10709, Time: 01:06:26

Health: -6/51      AC:  9    Str: 11    XL:     10   Next: 84%
Magic:  23/23      EV: 18    Int: 23    God:    Dithmenos [*.....]
Gold:   443        SH:  0    Dex: 16    Spells: 16/25 levels left

rFire    . . .     SeeInvis +   a - +4 dagger "Morg" {pain, MR+ Int+5}
rCold    . . .     Gourm    .   (shield restricted)
rNeg     . . .     Faith    .   D - +0 robe
rPois    .         Spirit   .   (helmet restricted)
rElec    .         Reflect  .   w - +2 cloak
rCorr    .         Harm     .   (gloves unavailable)
MR       ++...                  (boots unavailable)
Stlth    +++++++...             y - amulet of magic regeneration
HPRegen  0.17/turn              g - +4 ring of protection
MPRegen  0.43/turn              M - +4 ring of strength

@: wreathed by umbra, very quick
A: very small, unfitting armour, see invisible, herbivore, speed 3, slow
metabolism 2
a: Renounce Religion


You were on level 1 of the Lair of Beasts.
You worshipped Dithmenos.
Dithmenos was aware of your devotion.
You were hungry.

You visited 3 branches of the dungeon, and saw 11 of its levels.

You collected 443 gold pieces.

Inventory:

Hand Weapons
 a - the +4 dagger "Morg" (weapon) {pain, MR+ Int+5}
   (You took it off a crimson imp on level 5 of the Dungeon)

   In the hands of one skilled in necromantic magic, it inflicts extra damage on
   living creatures.
   It affects your intelligence (+5).
   It affects your resistance to hostile enchantments.
 b - a +1 dagger of venom
   (You took it off a kobold on level 1 of the Dungeon)
 p - a +1 dagger of protection
   (You took it off a kobold on level 2 of the Dungeon)
 v - a +0 hunting sling
   (You found it on level 3 of the Dungeon)
 Q - the cursed +0 mace of the Pariah {drain, Str+6, unknown}
   (You found it on level 9 of the Dungeon)

   A truly terrible weapon, it drains the life of those it strikes.
   It affects your strength (+6).
   It has a curse placed upon it.
Missiles
 h - 60 poisoned darts (quivered)
 j - 8 boomerangs of dispersal {!f}
 C - 4 throwing nets {!f}
Armour
 u - a scarf of spirit shield
   (You found it on level 3 of the Dungeon)
 w - a +2 cloak (worn)
   (You found it on level 3 of the Dungeon)
 D - a +0 robe (worn)
Jewellery
 g - a +4 ring of protection (left hand)
   (You found it on level 4 of the Dungeon)
 y - an amulet of magic regeneration (around neck)
   (You found it on level 3 of the Dungeon)
 M - a +4 ring of strength (right hand)
   (You found it on level 7 of the Dungeon)
Wands
 c - a wand of disintegration (6)
   (You found it on level 8 of the Dungeon)
 d - a wand of iceblast (7)
   (You found it on level 9 of the Dungeon)
 x - a wand of acid (7)
   (You found it on level 8 of the Dungeon)
 H - a wand of scattershot (8)
   (You found it on level 6 of the Dungeon)
Scrolls
 i - 2 scrolls of magic mapping
 l - a scroll of blinking {unknown}
 s - 2 scrolls of noise {unknown}
 B - 2 scrolls of fear {unknown}
 F - a scroll of enchant weapon {unknown}
 I - a scroll of acquirement {unknown}
 J - 2 scrolls of remove curse {@r2}
 L - 2 scrolls of immolation {unknown}
 N - 3 scrolls of fog {unknown}
 R - a scroll of silence {unknown}
 S - a scroll of teleportation {unknown}
Potions
 f - 2 potions of berserk rage
 k - 3 potions of might
 m - 2 potions of lignification {unknown}
 n - 2 potions of flight
 o - a potion of agility
 q - 2 potions of mutation {unknown}
 r - a potion of ambrosia
 t - 2 potions of resistance
 z - a potion of heal wounds {unknown}
 A - a potion of invisibility
 E - a potion of cancellation {unknown}
 G - 2 potions of brilliance {unknown}
 K - a potion of degeneration {unknown}
 O - 3 potions of curing {@q1}
 P - a potion of magic
Comestibles
 e - 18 rations {!d}


   Skills:
 + Level 4.6 Fighting
 + Level 8.8 Short Blades
 - Level 3.0 Dodging
 + Level 13.3 Stealth
 - Level 8.0 Spellcasting
 + Level 10.7 Hexes


You had 16 spell levels left.
You knew the following spells:

 Your Spells              Type           Power        Failure   Level  Hunger
a - Corona                Hex            ######.      1%          1    None
b - Confusing Touch       Hex            ######..     1%          3    None
d - Tukima's Dance        Hex            ######..     1%          3    None
x - Ensorcelled Hibernat  Hex/Ice        ####..       1%          2    None

Your spell library contained the following spells:

 Spells                   Type           Power        Failure   Level  Hunger
 Dazzling Flash           Conj/Hex       ####..       2%          3    None
 Sandblast                Erth           #.....       7%          1    None
 Passwall                 Tmut/Erth      #.......     11%         2    None
 Stone Arrow              Conj/Erth      #.....       21%         3    None
 Petrify                  Tmut/Erth      #.......     56%         4    ###....
 Lee's Rapid Deconstruct  Erth           #.........   88%         5    #####..


Dungeon Overview and Level Annotations

Branches:
Dungeon (9/15)             Temple (1/1) D:7            Lair (1/6) D:9
    Orc: D:9-12

Altars:
Ashenzari
Cheibriados
Dithmenos
Elyvilon
Fedhas
Gozag
Hepliaklqana
Kikubaaqudgha
Makhleb
Nemelex Xobeh
Okawaru
Qazlal
Ru
Sif Muna
Trog
Uskayaw
Vehumet
Wu Jian
Xom
Yredelemnul
Zin
The Shining One

Shops:
D:3 *


Innate Abilities, Weirdness & Mutations

You are very small and have problems with some larger weapons.
You are too small for most types of armour.
You have supernaturally acute eyesight. (SInv)
You are a herbivore.
You cover ground extremely quickly.
You need to consume almost no food.


Message History

Found a wand of acid (5).
Found 15 gold pieces.
A blink frog comes into view.
A blink frog comes into view.
The porcupine closely misses you.
A blink frog comes into view.
The hippogriff screeches!
The blink frog gives a loud, deep croak! x2
The blink frog croaks.
A komodo dragon comes into view.
The porcupine barely misses you. The hippogriff barely misses you.
The hippogriff closely misses you. The hippogriff barely misses you.
The komodo dragon hisses angrily.
The porcupine bites you but does no damage.
A blink frog comes into view.
The hippogriff closely misses you. The hippogriff completely misses you.
The hippogriff claws you but does no damage.
The porcupine bites you! The blink frog closely misses you.
The hippogriff misses you. The hippogriff closely misses you.
The hippogriff misses you. The porcupine closely misses you.
The blink frog closely misses you.
A crocodile comes into view.
The porcupine closely misses you. The blink frog barely misses you.
The hippogriff bites you but does no damage.
The hippogriff closely misses you. The hippogriff misses you.
The blink frog blinks!
The porcupine misses you. The hippogriff bites you.
The hippogriff closely misses you. The hippogriff claws you.
A hippogriff comes into view.
The blink frog closely misses you. The porcupine completely misses you.
The hippogriff closely misses you. The hippogriff misses you.
The hippogriff claws you!
The hippogriff moves out of view.
The blink frog hits you!
* * * LOW HITPOINT WARNING * * *
The blink frog blinks!
The blink frog closely misses you. The porcupine misses you.
The hippogriff completely misses you. The hippogriff pecks you.
* * * LOW HITPOINT WARNING * * *
The hippogriff claws you.
* * * LOW HITPOINT WARNING * * *
The blink frog croaks.
Unknown command.
The blink frog barely misses you. The porcupine bites you.
* * * LOW HITPOINT WARNING * * *
The komodo dragon misses you. The blink frog misses you.
The porcupine closely misses you.
The hippogriff bites you but does no damage.
The hippogriff barely misses you. The hippogriff claws you.
* * * LOW HITPOINT WARNING * * *
The blink frog blinks!
The komodo dragon bites you!!
You die...

..........#......
...............$.
..........#.......
...........#.......
.......t............
.....................
......l...............
.....Fr@..............#
##.../F§H..............
#...F.....F..........^
.....##.........#......
..... ##..............
##.................#
#.......?........##...
.......##.............
....# ###........./.


You could see a komodo dragon, a hippogriff, 4 blink frogs, a crocodile and a
porcupine.

Vanquished Creatures
  Harold (D:7)
  2 two-headed ogres (D:9)
  2 yaks (D:7)
  2 hogs (D:7)
  A human (D:7)
  2 hungry ghosts
  3 orc warriors (D:9)
  An ice beast (D:7)
  4 sky beasts
  3 black bears
  3 phantoms
  An eye of draining (D:9)
  5 ogres
  3 centaurs
  A crocodile (D:8)
  2 big kobolds
  A bullfrog (D:9)
  5 scorpions
  9 killer bees (D:8)
  3 howler monkeys
  4 crimson imps
  A centaur zombie (D:8)
  2 bullfrog zombies
  A jelly (D:8)
  6 hounds
  2 centaur skeletons
  A gnoll shaman (D:5)
  3 orc priests
  An iguana (D:6)
  4 orc wizards
  4 worker ants
  2 hound zombies (D:5)
  2 worker ant zombies
  3 gnolls (D:5)
  11 adders
  A shadow imp (D:7)
  2 oozes
  An adder skeleton (D:5)
  4 worms
  2 dart slugs (D:3)
  4 leopard geckos
  20 orcs
  12 bats
  6 giant cockroaches
  12 goblins
  10 hobgoblins
  A jackal (D:3)
  2 quokkas
  A ball python (D:2)
  4 frilled lizards
  24 kobolds
  16 rats
223 creatures vanquished.

Vanquished Creatures (others)
  A fungus (D:9)
1 creature vanquished.

Grand Total: 224 creatures vanquished

Notes
Turn   | Place    | Note
-------+----------+-------------------------------------------
     0 | D:1      | Allar the Spriggan Enchanter began the quest for the Orb.
     0 | D:1      | Reached XP level 1. HP: 9/9 MP: 5/5
   399 | D:1      | Reached XP level 2. HP: 11/13 MP: 7/7
   494 | D:1      | Learned a level 2 spell: Ensorcelled Hibernation
   574 | D:1      | Reached skill level 5 in Stealth
  1088 | D:2      | Reached XP level 3. HP: 16/16 MP: 8/8
  1738 | D:2      | Reached XP level 4. HP: 21/21 MP: 7/10
  1743 | D:2      | Learned a level 3 spell: Confusing Touch
  1747 | D:2      | Learned a level 3 spell: Tukima's Dance
  2473 | D:3      | Found Zin's Purification Station.
  2476 | D:3      | Found a glowing silver altar of Zin.
  2752 | D:3      | Reached skill level 6 in Stealth
  3317 | D:3      | Found a shimmering blue altar of Sif Muna.
  3396 | D:3      | Reached XP level 5. HP: 22/24 MP: 6/12
  3404 | D:3      | Reached skill level 5 in Hexes
  4151 | D:4      | Reached XP level 6. HP: 27/28 MP: 11/14
  4265 | D:4      | Reached skill level 5 in Spellcasting
  4481 | D:4      | Reached skill level 7 in Stealth
  5133 | D:5      | Entered Level 5 of the Dungeon
  5308 | D:5      | Reached XP level 7. HP: 32/32 MP: 14/16
  5784 | D:5      | Reached skill level 8 in Stealth
  6327 | D:5      | Found a burning altar of Makhleb.
  6988 | D:6      | Found a burning altar of Makhleb.
  7029 | D:6      | Reached XP level 8. HP: 36/36 MP: 18/18
  7223 | D:6      | Reached skill level 9 in Stealth
  7584 | D:7      | Reached skill level 5 in Short Blades
  7652 | D:7      | Noticed Harold
  7714 | D:7      | Reached skill level 10 in Stealth
  7838 | D:7      | Found a staircase to the Ecumenical Temple.
  7846 | Temple   | Entered the Ecumenical Temple
  8154 | Temple   | Became a worshipper of Dithmenos the Shadowed
  8283 | D:7      | Reached XP level 9. HP: 39/39 MP: 21/21
  8373 | D:7      | Reached skill level 1 in Fighting
  8393 | D:7      | Reached skill level 11 in Stealth
  8561 | D:7      | Killed Harold
  9240 | D:8      | Reached XP level 10. HP: 46/48 MP: 19/23
  9248 | D:8      | Reached * piety under Dithmenos
  9253 | D:8      | Reached skill level 12 in Stealth
  9887 | D:9      | Got a scorched mace
  9934 | D:9      | Noticed a two-headed ogre
  9958 | D:9      | Killed a two-headed ogre
  9958 | D:9      | Reached skill level 10 in Hexes
 10247 | D:9      | Reached skill level 13 in Stealth
 10263 | D:9      | Noticed a two-headed ogre
 10276 | D:9      | Killed a two-headed ogre
 10489 | D:9      | Found a blossoming altar of Fedhas.
 10491 | D:9      | Found an iron altar of Okawaru.
 10493 | D:9      | Found a glowing golden altar of the Shining One.
 10655 | D:9      | Found a staircase to the Lair.
 10680 | Lair:1   | Entered Level 1 of the Lair of Beasts
 10709 | Lair:1   | Mangled by a komodo dragon

Levels and vault maps discovered:
D:1:      dpeg_arrival_simpleton_c, layout_rooms
D:2:      minmay_razor_zed, layout_rooms
D:3:      layout_basic, lemuel_coloured_pillars_altar, zin_purify, minivault_26,
          minmay_increasing_density
D:4:      cheibrodos_quashed, layout_cave_pods, first_ration
D:5:      layout_loops_ring, minmay_misc_feat_cross, makhleb_blood_cavern_becter
D:6:      layout_gridville, basic_altar
D:7:      layout_basic, minmay_temple_entry_enclosed_plants, grunt_livestock,
          uniq_harold
D:8:      layout_cave_pools, kennysheep_generic_room_11
D:9:      layout_loops_ring, grunt_temple_overflow_open,
          grunt_lair_entry_orc_guard_hut
Temple:   minmay_temple_bridge_d
Lair:1:   layout_cave_shapes

Skill      XL: |  1  2  3  4  5  6  7  8  9 10 |
---------------+-------------------------------+-----
Spellcasting   | 3 4 5 6 7 8 |  8.0
Hexes          | 4 5 6 8 9 10 | 10.7
Stealth        | 5 6 7 8 10 11 13 | 13.3
Short Blades   | 2 3 4 5 7 8 |  8.8
Fighting       | 2 4 |  4.6
Dodging        | |  3.0

Action                   |  1- 3 |  4- 6 |  7- 9 | 10-12 || total
-------------------------+-------+-------+-------+-------++-------
Melee: Dagger            |    88 |   164 |   223 |    63 ||   538
Throw: Stone             |    18 |       |       |       ||    18
       Dart              |       |    25 |    41 |     8 ||    74
 Cast: Ensorcelled Hiber |    17 |    35 |    61 |    49 ||   162
       Confusing Touch   |       |    12 |    17 |     4 ||    33
       Tukima's Dance    |       |     1 |     1 |       ||     2
Evoke: Wand              |       |       |       |     9 ||     9
  Use: Potion            |     1 |       |       |       ||     1
       Scroll            |       |    10 |     1 |     2 ||    13
 Stab: Sleeping          |    24 |    34 |    36 |    38 ||   132
       Confused          |       |    11 |    15 |     2 ||    28
  Eat: Ration            |       |     3 |     2 |       ||     5
Armor: Robe              |     6 |    21 |    25 |     9 ||    61
Dodge: Dodged            |    65 |    83 |   108 |    83 ||   339

Table legend:
 A = Non-vault XP
 B = Vault XP
 C = Vault XP percentage of total XP
 D = Non-vault monster count
 E = Vault monster count
 F = Vault count percentage of total count
                 A         B        C        D         E       F
            +---------+---------+-------+---------+---------+-------
      Total |    7515 |    2602 |  25.7 |     190 |      33 |  14.8
            +---------+---------+-------+---------+---------+-------
        D:1 |      39 |       0 |   0.0 |      23 |       0 |   0.0
        D:2 |      36 |      32 |  47.1 |      16 |      12 |  42.9
        D:3 |     152 |      32 |  17.4 |      33 |       8 |  19.5
        D:4 |     401 |       0 |   0.0 |      16 |       0 |   0.0
        D:5 |     492 |      43 |   8.0 |      19 |       1 |   5.0
        D:6 |     678 |       0 |   0.0 |      13 |       0 |   0.0
        D:7 |    1096 |    1887 |  63.3 |      18 |       6 |  25.0
        D:8 |    1444 |       0 |   0.0 |      26 |       0 |   0.0
        D:9 |    3177 |     608 |  16.1 |      26 |       6 |  18.8
            +---------+---------+-------+---------+---------+-------
